 Dungeon Crawl Stone Soup version 0.31-a0-845-g9abc20d24f (webtiles) character file.

Game seed: 17725758918452680850

1 wvc the Magician (level 1, 15/15 HPs)
             Began as a Human Wanderer on Oct 1, 2023.
             Got out of the dungeon alive.
             The game lasted 00:00:32 (68 turns).

wvc the Magician (Human Wanderer)                     Turns: 68, Time: 00:00:32

Health: 15/15      AC:  2    Str: 10    XL:     1   Next: 22%
Magic:  4/4        EV: 11    Int: 15    God:
Gold:   9          SH:  0    Dex: 11    Spells: 6/6 levels left

rFire   . . .        a - +0 dagger
rCold   . . .        (no shield)
rNeg    . . .        d - +0 robe
rPois   .            (no helmet)
rElec   .            (no cloak)
rCorr   .            (no gloves)
SInv    .            (no boots)
Will    .....        (no amulet)
Stlth   +            (no ring)
HPRegen 0.22/turn    (no ring)
MPRegen 0.09/turn

%: no passive effects
@: no status effects
A: no striking features
a: no special abilities


You escaped.
You visited 1 branch of the dungeon, and saw 1 of its levels.

You collected 9 gold pieces.

Inventory:

Hand Weapons
 a - a +0 dagger (weapon)
Missiles
 b - 10 poisoned darts (quivered)
Armour
 d - a +0 robe (worn)
Potions
 c - a potion of haste


   Skills:
 + Level 1.0 Fighting
 + Level 1.0 Throwing
 + Level 3.0 Spellcasting
 + Level 2.0 Translocations
 + Level 2.1 Earth Magic
 + Level 1.0 Evocations


You had 6 spell levels left.
You didn't know any spells.
Your spell library contained the following spells:

 Spells                   Type           Power      Damage    Failure   Level
 Apportation              Tloc           16%        N/A       9%          1
 Sandblast                Erth           16%        2d6       9%          1
 Gell's Gravitas          Tloc           8%         N/A       26%         3
 Stone Arrow              Conj/Erth      10%        3d7       36%         3
 Iskenderun's Mystic Bla  Conj/Tloc      5%         2d3       78%         4


Dungeon Overview and Level Annotations

Branches:
Dungeon (1/15)

Altars:


Message History

The giant cockroach bites you but does no damage.
You hit the giant cockroach but do no damage.
The giant cockroach is almost dead.
The giant cockroach closely misses you.
You hit the giant cockroach but do no damage.
The giant cockroach is almost dead.
The giant cockroach misses you. x2
You hit the giant cockroach but do no damage.
The giant cockroach is almost dead.
The giant cockroach bites you but does no damage.
You hit the giant cockroach but do no damage.
The giant cockroach is almost dead.
The giant cockroach misses you.
You closely miss the giant cockroach.
The giant cockroach is almost dead.
The giant cockroach completely misses you.
You hit the giant cockroach but do no damage.
The giant cockroach is almost dead.
The giant cockroach misses you.
You hit the giant cockroach but do no damage.
The giant cockroach is almost dead.
The giant cockroach bites you. x2
You hit the giant cockroach but do no damage.
The giant cockroach is almost dead.
The giant cockroach bites you.
You hit the giant cockroach but do no damage.
The giant cockroach is almost dead.
The giant cockroach bites you.
You hit the giant cockroach.
You kill the giant cockroach!
No target in view!
HP restored.
You open the door.
Found 3 stones.
There is an open door here.
There is an open door here.
A hobgoblin comes into view.
There is an open door here.
There is a staircase leading out of the dungeon here.
You have escaped!

##### #......#...#
#......#...# #......#.@.+
#......#...# #
#.#...#...# .##
#.....#'##########...#
####.......##..##....#
....#................#
.......)...##..##....#
####....##'#########.....
#.....†#..(# ....


There were no monsters in sight!

Vanquished Creatures
  A giant cockroach (D:1)
1 creature vanquished.

Notes
Turn   | Place    | Note
-------+----------+-------------------------------------------
     0 | D:1      | wvc the Human Wanderer began the quest for the Orb.
     0 | D:1      | wvc set off with the following items: a +0 dagger, 10
                  | poisoned darts, a potion of haste, a +0 robe; and the
                  | following spells available to memorise: Apportation,
                  | Sandblast, Gell's Gravitas, Stone Arrow, Iskenderun's
                  | Mystic Blast.
     0 | D:1      | Reached XP level 1. HP: 15/15 MP: 4/4
    68 | D:$      | Got out of the dungeon alive.

Illustrated notes

Levels and vault maps discovered:
D:1:      dpeg_arrival_houses_and_road, layout_rooms, serial_shops, shop

Action                     || total
---------------------------++-------
  Melee: Dagger            ||    15
 Armour: Robe              ||     9
  Dodge: Dodged            ||     8

Table legend: (Time is in decaauts)
 A = Elapsed time spent in this place.
 B = Non-inter-level travel time spent in this place.
 C = Inter-level travel time spent in this place.
 D = Time resting spent in this place.
 E = Time spent auto-exploring this place.
 F = Levels seen in this place.
 G = Mean time per level.
                   A        B        C        D        E       F      G
               +--------+--------+--------+--------+--------+-----+--------+
         Total |     68 |     68 |      0 |      0 |     33 |   1 |   68.0 |
       Dungeon |     68 |     68 |      0 |      0 |     33 |   1 |   68.0 |
               +--------+--------+--------+--------+--------+-----+--------+

Top non-repeatable levels by time:
     D:1: 68 daAuts
